| TOP OF THE 1ST |
|
Vermont Lake Monsters batting - Pitching for Mahoning Valley Scrappers : LHP Steve Johnson
|
|
Pitching: LHP Steve Johnson
|
|
|
Batting: SHB Eric Tiehen
|
0-0: Ball 1-0: Called Strike 1-1: SINGLE (Groundball, 56, EV 103.8 MPH)
|
|
Batting: SHB Mike Kirk
|
0-0: Ball 1-0: Ball 2-0: Ball 3-0: Called Strike 3-1: Foul Ball, location: 2F 3-2: Strikes out swinging
|
|
Batting: LHB Ed Talamantes
|
0-0: Ball 1-0: Called Strike 1-1: Foul Ball, location: 2F 1-2: Foul Ball, location: 2F 1-2: Fly out, F8 (Flyball, 8RD, EV 103.8 MPH)
|
|
Batting: RHB Tetsuya Shinoda
|
0-0: Swinging Strike 0-1: Swinging Strike 0-2: Ball 1-2: Ball Wild Pitch! Eric Tiehen to second 2-2: Strikes out swinging
|
| Top of the 1st over - 0 runs, 1 hit, 0 errors, 1 left on base; Vermont 0 - Mahoning Valley 0 |
| BOTTOM OF THE 1ST |
|
Mahoning Valley Scrappers batting - Pitching for Vermont Lake Monsters : RHP Joey Patrick
|
|
Pitching: RHP Joey Patrick
|
|
|
Batting: RHB Leo Candelas
|
0-0: Ball 1-0: Called Strike 1-1: Ball 2-1: Swinging Strike 2-2: Ball 3-2: Base on Balls
|
|
Batting: RHB Jesus Montana
|
0-0: Ball Leo Candelas steals 2nd base (no throw) 1-0: Foul Ball, location: 2F 1-1: SINGLE (Groundball, 6MD, EV 103.1 MPH) Leo Candelas to third Runner from 3rd tries for Home, SAFE, throw by CF to home
|
|
Batting: RHB John Shaffer
|
Pickoff Play to 1st, Runner tries for 2nd, SAFE after rundown. 0-0: Foul Ball, location: 2F 0-1: Called Strike 0-2: Strikes out looking
|
|
Batting: LHB Matt Steinke
|
0-0: Foul Ball, location: 2F 0-1: SINGLE (Groundball, 34D, EV 105.6 MPH) Jesus Montana to third Runner from 3rd tries for Home, SAFE, throw by RF to home
|
|
Batting: RHB Kevin Wiles
|
0-0: Ball 1-0: Ball 2-0: Foul Ball, location: 2F 2-1: Called Strike 2-2: Grounds into double play, 5-4-3 (Groundball, 56S, EV 83.1 MPH)
|
| Bottom of the 1st over - 2 runs, 2 hits, 0 errors, 0 left on base; Vermont 0 - Mahoning Valley 2 |
| TOP OF THE 2ND |
|
Vermont Lake Monsters batting - Pitching for Mahoning Valley Scrappers : LHP Steve Johnson
|
|
Batting: RHB Chris Prinzing
|
0-0: Ball 1-0: Foul Ball, location: 2F 1-1: Foul Ball, location: 2F 1-2: Foul Ball, location: 2F 1-2: Ball 2-2: Ball 3-2: Strikes out swinging
|
|
Batting: RHB Jamie Jennings
|
0-0: Ball 1-0: Foul Ball, location: 2F 1-1: Ground out 3-1 (Groundball, 34, EV 83.8 MPH)
|
|
Batting: RHB Jon Coleman
|
0-0: SINGLE (Line Drive, 6D, EV 103.1 MPH)
|
|
Batting: RHB Zachary Anderson
|
0-0: Called Strike 0-1: Ball 1-1: Ball 2-1: Ground out 4-3 (Groundball, 4, EV 85.6 MPH)
|
| Top of the 2nd over - 0 runs, 1 hit, 0 errors, 1 left on base; Vermont 0 - Mahoning Valley 2 |
| BOTTOM OF THE 2ND |
|
Mahoning Valley Scrappers batting - Pitching for Vermont Lake Monsters : RHP Joey Patrick
|
|
Batting: LHB Dave Key
|
0-0: Called Strike 0-1: Foul Ball, location: 2F 0-2: Foul Ball, location: 2F 0-2: Foul Ball, location: 2F 0-2: Strikes out swinging
|
|
Batting: RHB Nick Gossman
|
0-0: Ball 1-0: Ball 2-0: Swinging Strike 2-1: Ground out 6-3 (Groundball, 6, EV 100.0 MPH)
|
|
Batting: RHB Jonathan Livingston
|
0-0: Called Strike 0-1: Ball 1-1: Ball 2-1: Called Strike 2-2: Foul Ball, location: 2F 2-2: Ball 3-2: Foul Ball, location: 2F 3-2: Fly out, F8 (Flyball, 89D, EV 98.8 MPH)
|
| Bottom of the 2nd over - 0 runs, 0 hits, 0 errors, 0 left on base; Vermont 0 - Mahoning Valley 2 |
| TOP OF THE 3RD |
|
Vermont Lake Monsters batting - Pitching for Mahoning Valley Scrappers : LHP Steve Johnson
|
|
Batting: LHB Victor Ferrermena
|
0-0: Called Strike 0-1: Swinging Strike 0-2: Strikes out swinging
|
|
Batting: SHB Eric Tiehen
|
0-0: SINGLE (Groundball, 6MD, EV 100.0 MPH)
|
|
Batting: SHB Mike Kirk
|
0-0: Called Strike Eric Tiehen is caught stealing 2nd base 2-4 0-1: Called Strike 0-2: Strikes out looking
|
| Top of the 3rd over - 0 runs, 1 hit, 0 errors, 0 left on base; Vermont 0 - Mahoning Valley 2 |
| BOTTOM OF THE 3RD |
|
Mahoning Valley Scrappers batting - Pitching for Vermont Lake Monsters : RHP Joey Patrick
|
|
Batting: RHB Juan Ordonez
|
0-0: Ball 1-0: Foul Ball, location: 2F 1-1: Fly out, F7 (Flyball, 78D, EV 89.4 MPH)
|
|
Batting: RHB Leo Candelas
|
0-0: Ball 1-0: Called Strike 1-1: Ball 2-1: Ground out 6-3 (Groundball, 6, EV 90.6 MPH)
|
|
Batting: RHB Jesus Montana
|
0-0: Ball 1-0: Ball 2-0: Ball 3-0: Called Strike 3-1: Base on Balls
|
|
Batting: RHB John Shaffer
|
0-0: Foul Ball, location: 2F 0-1: Ball 1-1: Ball 2-1: Foul Ball, location: 2F 2-2: Fly out, F7 (Line Drive, 7, EV 98.1 MPH)
|
| Bottom of the 3rd over - 0 runs, 0 hits, 0 errors, 1 left on base; Vermont 0 - Mahoning Valley 2 |
| TOP OF THE 4TH |
|
Vermont Lake Monsters batting - Pitching for Mahoning Valley Scrappers : LHP Steve Johnson
|
|
Batting: LHB Ed Talamantes
|
0-0: Ball 1-0: Foul Ball, location: 2F 1-1: Called Strike 1-2: Strikes out swinging
|
|
Batting: RHB Tetsuya Shinoda
|
0-0: Ball 1-0: Reached on error, E6 (Groundball, 6, EV 76.2 MPH)
|
|
Batting: RHB Chris Prinzing
|
0-0: Called Strike 0-1: Called Strike 0-2: Strikes out swinging
|
|
Batting: RHB Jamie Jennings
|
0-0: Ball 1-0: Ball 2-0: Foul Ball, location: 2F 2-1: Ground out 4-3 (Groundball, 4, EV 98.1 MPH)
|
| Top of the 4th over - 0 runs, 0 hits, 1 error, 1 left on base; Vermont 0 - Mahoning Valley 2 |
| BOTTOM OF THE 4TH |
|
Mahoning Valley Scrappers batting - Pitching for Vermont Lake Monsters : RHP Joey Patrick
|
|
Batting: LHB Matt Steinke
|
0-0: Ball 1-0: Ground out 6-3 (Groundball, 6, EV 105.6 MPH)
|
|
Batting: RHB Kevin Wiles
|
0-0: Called Strike 0-1: Ball 1-1: TRIPLE (Line Drive, 89XD, EV 108.1 MPH)
|
|
Batting: LHB Dave Key
|
0-0: Foul Ball, location: 2F 0-1: Called Strike 0-2: Ball 1-2: DOUBLE (Flyball, 89XD, EV 111.2 MPH) Kevin Wiles scores
|
|
Batting: RHB Nick Gossman
|
0-0: Ball 1-0: Called Strike 1-1: Ball 2-1: Ball 3-1: Base on Balls
|
|
Batting: RHB Jonathan Livingston
|
0-0: Ball 1-0: Foul Ball, location: 2F 1-1: Ball 2-1: Foul Ball, location: 2F 2-2: Strikes out swinging
|
|
Batting: RHB Juan Ordonez
|
0-0: Ball 1-0: Ball 2-0: Ball 3-0: Called Strike 3-1: Foul Ball, location: 2F 3-2: Ground out 5-3 (Groundball, 56, EV 98.8 MPH)
|
| Bottom of the 4th over - 1 run, 2 hits, 0 errors, 2 left on base; Vermont 0 - Mahoning Valley 3 |
| TOP OF THE 5TH |
|
Vermont Lake Monsters batting - Pitching for Mahoning Valley Scrappers : LHP Steve Johnson
|
|
Batting: RHB Jon Coleman
|
0-0: Ground out 4-3 (Groundball, 4M, EV 88.8 MPH)
|
|
Batting: RHB Zachary Anderson
|
0-0: Called Strike 0-1: SINGLE (Groundball, 4M, EV 103.8 MPH) (infield hit)
|
|
Batting: LHB Victor Ferrermena
|
0-0: Ball 1-0: Swinging Strike 1-1: Called Strike 1-2: TRIPLE (Groundball, 3L, EV 106.9 MPH) Zachary Anderson scores
|
|
Batting: SHB Eric Tiehen
|
0-0: Swinging Strike 0-1: Foul Ball, location: 2F 0-2: Foul Ball, location: 2F 0-2: Strikes out looking
|
|
Batting: SHB Mike Kirk
|
0-0: Called Strike 0-1: Foul Ball, location: 2F 0-2: Ball 1-2: Strikes out swinging
|
| Top of the 5th over - 1 run, 2 hits, 0 errors, 1 left on base; Vermont 1 - Mahoning Valley 3 |
| BOTTOM OF THE 5TH |
|
Mahoning Valley Scrappers batting - Pitching for Vermont Lake Monsters : RHP Joey Patrick
|
|
Batting: RHB Leo Candelas
|
0-0: Ball 1-0: Foul Ball, location: 2F 1-1: Ball 2-1: TRIPLE (Flyball, 9LD, EV 108.1 MPH)
|
|
Batting: RHB Jesus Montana
|
0-0: Ball 1-0: Fly out, F9 (Flyball, 9, EV 93.1 MPH) Runner from 3rd tags up, OUT at HOME! 9-2
|
|
Batting: RHB John Shaffer
|
0-0: TRIPLE (Flyball, 78XD, EV 105.0 MPH)
|
|
Batting: LHB Matt Steinke
|
0-0: Ball 1-0: Foul Ball, location: 2F 1-1: Swinging Strike 1-2: Strikes out swinging
|
| Bottom of the 5th over - 0 runs, 2 hits, 0 errors, 1 left on base; Vermont 1 - Mahoning Valley 3 |
| TOP OF THE 6TH |
|
Vermont Lake Monsters batting - Pitching for Mahoning Valley Scrappers : LHP Steve Johnson
|
|
Batting: LHB Ed Talamantes
|
0-0: Fly out, F3 (Popup, 34S, EV 66.2 MPH)
|
|
DELAY
|
Rain delay of 24 minutes in the 6th inning.
|
|
Batting: RHB Tetsuya Shinoda
|
0-0: Ground out 6-3 (Groundball, 6M, EV 80.0 MPH)
|
|
Batting: RHB Chris Prinzing
|
0-0: Foul Ball, location: 2RF, Error on foul ball, E2 0-1: Ball 1-1: Ball 2-1: Foul Ball, location: 2F 2-2: Ground out 5-3 (Groundball, 56, EV 90.6 MPH)
|
| Top of the 6th over - 0 runs, 0 hits, 1 error, 0 left on base; Vermont 1 - Mahoning Valley 3 |
| BOTTOM OF THE 6TH |
|
Mahoning Valley Scrappers batting - Pitching for Vermont Lake Monsters : RHP Joey Patrick
|
|
Batting: RHB Kevin Wiles
|
0-0: Ball 1-0: Ball 2-0: Called Strike 2-1: SINGLE (Groundball, 25, EV 71.9 MPH) (infield hit)
|
|
Pitching: RHP Isaiah Felton
|
|
|
Batting: LHB Dave Key
|
0-0: Ball 1-0: Swinging Strike 1-1: Ball 2-1: Swinging Strike 2-2: Strikes out swinging
|
|
Batting: RHB Nick Gossman
|
0-0: Swinging Strike 0-1: Ball 1-1: Ball 2-1: Ball 3-1: Base on Balls Kevin Wiles to second
|
|
Batting: RHB Jonathan Livingston
|
0-0: Swinging Strike 0-1: Swinging Strike 0-2: Ball 1-2: Ball 2-2: Ball 3-2: Base on Balls Kevin Wiles to third Nick Gossman to second
|
|
Batting: RHB Juan Ordonez
|
0-0: Ball 1-0: Ball 2-0: Swinging Strike 2-1: GRAND SLAM HOME RUN (Line Drive, 78XD, EV 106.2 MPH), Distance : 415 ft
|
|
Batting: RHB Leo Candelas
|
0-0: Ball 1-0: SINGLE (Line Drive, 9LS, EV 105.0 MPH)
|
|
Batting: RHB Jesus Montana
|
0-0: Called Strike Leo Candelas is caught stealing 2nd base 2-4 0-1: Ball 1-1: Swinging Strike 1-2: DOUBLE (Line Drive, 9LS, EV 89.4 MPH)
|
|
Batting: RHB John Shaffer
|
0-0: Ball 1-0: Called Strike 1-1: Called Strike 1-2: Strikes out swinging
|
| Bottom of the 6th over - 4 runs, 4 hits, 0 errors, 1 left on base; Vermont 1 - Mahoning Valley 7 |
| TOP OF THE 7TH |
|
Vermont Lake Monsters batting - Pitching for Mahoning Valley Scrappers : LHP Steve Johnson
|
|
Now at 1B: Dave Key
|
|
|
Now at 2B: Kevin Wiles
|
|
|
Now at SS: Ricky Cordova
|
|
|
Now in RF: Jaquan Brown
|
|
|
Batting: RHB Jamie Jennings
|
0-0: Called Strike 0-1: Foul Ball, location: 2F 0-2: SINGLE (Groundball, 34D, EV 97.5 MPH) (infield hit)
|
|
Batting: RHB Jon Coleman
|
0-0: SINGLE (Groundball, 34S, EV 96.9 MPH) Jamie Jennings to second Runner from 2nd tries for 3rd, SAFE, throw by RF made at trailing runner, OUT! 9-6
|
|
Batting: RHB Zachary Anderson
|
0-0: Ball 1-0: Swinging Strike 1-1: Ground out 3-1 (Groundball, 34, EV 106.9 MPH) Jamie Jennings scores
|
|
Batting: LHB Victor Ferrermena
|
0-0: Ball 1-0: Foul Ball, location: 2F 1-1: Called Strike 1-2: Foul Ball, location: 2F 1-2: Strikes out swinging, 2-3 out at first.
|
| Top of the 7th over - 1 run, 2 hits, 0 errors, 0 left on base; Vermont 2 - Mahoning Valley 7 |
| BOTTOM OF THE 7TH |
|
Mahoning Valley Scrappers batting - Pitching for Vermont Lake Monsters : RHP Isaiah Felton
|
|
Batting: LHB Matt Steinke
|
0-0: Ball 1-0: Ball 2-0: Called Strike 2-1: Ball 3-1: Base on Balls
|
|
Batting: RHB Kevin Wiles
|
0-0: Called Strike 0-1: Ball 1-1: Ball 2-1: Foul Ball, location: 2F 2-2: Ball 3-2: Foul Ball, location: 2F 3-2: Grounds into double play, 4-6-3 (Groundball, 4, EV 100.6 MPH)
|
|
Pitching: RHP Jimmy Tasso
|
|
|
Batting: LHB Dave Key
|
0-0: Foul Ball, location: 2F 0-1: Ball 1-1: Foul Ball, location: 2F 1-2: Ball 2-2: Foul Ball, location: 2F 2-2: Strikes out swinging
|
| Bottom of the 7th over - 0 runs, 0 hits, 0 errors, 0 left on base; Vermont 2 - Mahoning Valley 7 |
| TOP OF THE 8TH |
|
Vermont Lake Monsters batting - Pitching for Mahoning Valley Scrappers : LHP Steve Johnson
|
|
Batting: SHB Eric Tiehen
|
0-0: Ball 1-0: Ball 2-0: Ball 3-0: Called Strike 3-1: Foul Ball, location: 2F 3-2: Ground out 6-3 (Groundball, 6M, EV 101.9 MPH)
|
|
Batting: SHB Mike Kirk
|
0-0: Ball 1-0: Foul Ball, location: 2F 1-1: SINGLE (Groundball, 6MD, EV 103.1 MPH)
|
|
Pitching: RHP Mike Borell
|
|
|
Batting: LHB Ed Talamantes
|
0-0: Swinging Strike 0-1: Swinging Strike 0-2: Foul Ball, location: 2F 0-2: Foul Ball, location: 2F 0-2: Ball 1-2: Ball 2-2: Ball 3-2: Foul Ball, location: 2F 3-2: Base on Balls Mike Kirk to second
|
|
Batting: RHB Tetsuya Shinoda
|
0-0: SINGLE (Groundball, 5L, EV 95.0 MPH) Mike Kirk to third Ed Talamantes to second Runner from 3rd tries for Home, throw by LF and OUT! 7-2
|
|
Batting: RHB Chris Prinzing
|
0-0: Ball 1-0: Ball 2-0: Swinging Strike 2-1: Foul Ball, location: 2F 2-2: Ball 3-2: Foul Ball, location: 2F 3-2: Foul Ball, location: 2F 3-2: Hit by Pitch Ed Talamantes to third Tetsuya Shinoda to second
|
|
Batting: RHB Jamie Jennings
|
0-0: Ground out 4-3 (Groundball, 34, EV 89.4 MPH)
|
| Top of the 8th over - 0 runs, 2 hits, 0 errors, 3 left on base; Vermont 2 - Mahoning Valley 7 |
| BOTTOM OF THE 8TH |
|
Mahoning Valley Scrappers batting - Pitching for Vermont Lake Monsters : RHP Jimmy Tasso
|
|
Batting: RHB Nick Gossman
|
0-0: Ball 1-0: SOLO HOME RUN (Flyball, 78XD, EV 102.5 MPH), Distance : 428 ft
|
|
Batting: RHB Jonathan Livingston
|
0-0: Ball 1-0: Called Strike 1-1: Ball 2-1: Ball 3-1: Fly out, F7 (Flyball, 7S, EV 78.1 MPH)
|
|
Batting: RHB Juan Ordonez
|
0-0: SINGLE (Flyball, 4D, EV 83.1 MPH)
|
|
Batting: RHB Ricky Cordova
|
0-0: Called Strike 0-1: Called Strike Juan Ordonez steals 2nd, throwing error, E2 Juan Ordonez to third 0-2: Fly out, F5 (Line Drive, 5L, EV 72.5 MPH)
|
|
Batting: RHB Jaquan Brown
|
0-0: Ball 1-0: SINGLE (Groundball, 34D, EV 97.5 MPH) Juan Ordonez scores
|
|
Batting: RHB John Shaffer
|
0-0: Ground out 4-3 (Groundball, 4, EV 100.0 MPH)
|
| Bottom of the 8th over - 2 runs, 3 hits, 1 error, 1 left on base; Vermont 2 - Mahoning Valley 9 |
| TOP OF THE 9TH |
|
Vermont Lake Monsters batting - Pitching for Mahoning Valley Scrappers : RHP Mike Borell
|
|
Batting: RHB Jon Coleman
|
0-0: Ball 1-0: Foul Ball, location: 2F 1-1: Swinging Strike 1-2: Foul Ball, location: 2F 1-2: Ball 2-2: Ground out U3 (Groundball, 34, EV 80.0 MPH)
|
|
Batting: RHB Zachary Anderson
|
0-0: Ground out 1-3 (Groundball, 15S, EV 67.5 MPH)
|
|
Batting: LHB Victor Ferrermena
|
0-0: Ground out 2-3 (Groundball, 13S, EV 56.9 MPH)
|
| Top of the 9th over - 0 runs, 0 hits, 0 errors, 0 left on base; Vermont 2 - Mahoning Valley 9 |
|